 Dungeon Crawl Stone Soup version 0.22.1-2-g9c5b331383 (webtiles) character file.

71 Ihlosi the Sneak (level 4, 0/24 HPs)
             Began as a Kobold Enchanter on Jan 1, 2019.
             Slain by a gnoll
             ... wielding a +0 halberd
              (11 damage)
             ... on level 2 of the Dungeon.
             The game lasted 00:05:08 (1888 turns).

Ihlosi the Sneak (Kobold Enchanter)                 Turns: 1888, Time: 00:05:09

Health: 0/24       AC:  5    Str:  5    XL:     4   Next: 47%
Magic:  7/7        EV:  8    Int: 17    God:
Gold:   141        SH:  0    Dex: 15    Spells: 5/8 levels left

rFire    . . .     SeeInvis .   a - +2 dagger
rCold    . . .     Gourm    .   (shield restricted)
rNeg     . . .     Faith    .   b - +0 robe
rPois    .         Spirit   .   (no helmet)
rElec    .         Reflect  .   n - +0 cloak
rCorr    .         Harm     .   g - +1 pair of gloves
MR       .....                  (no boots)
Stlth    +++.......             (no amulet)
HPRegen  0.08/turn              (no ring)
MPRegen  0.10/turn              (no ring)

@: held
A: small, carnivore
a: no special abilities


You were on level 2 of the Dungeon.
You were very full.

You visited 1 branch of the dungeon, and saw 2 of its levels.

You collected 141 gold pieces.

Inventory:

Hand Weapons
 a - a +2 dagger (weapon)
Missiles
 h - 30 bolts
Armour
 b - a +0 robe (worn)
 g - a +1 pair of gloves (worn)
 n - a +0 cloak (worn)
Scrolls
 f - a scroll of remove curse
Potions
 c - a potion of flight
 e - a potion of might {unknown}
 j - a potion of heal wounds
 m - a potion of cancellation {unknown}
Comestibles
 d - 3 rations


   Skills:
 * Level 0.6 Fighting
 * Level 2.3 Short Blades
 * Level 0.5 Armour
 * Level 2.7 Dodging
 * Level 4.8 Stealth
 * Level 2.6 Spellcasting
 * Level 3.5 Hexes


You had 5 spell levels left.
You knew the following spells:

 Your Spells              Type           Power        Failure   Level  Hunger
a - Corona                Hex            ##.....      4%          1    #......
b - Ensorcelled Hibernat  Hex/Ice        #.....       14%         2    ##.....

Your spell library contained the following spells:

 Spells                   Type           Power        Failure   Level  Hunger
 Confuse                  Hex            ##......     13%         3    ###....
 Tukima's Dance           Hex            ##......     13%         3    ###....
 Dazzling Spray           Conj/Hex       #.....       26%         3    ###....


Dungeon Overview and Level Annotations

Branches:
Dungeon (2/15)

Altars:
Kikubaaqudgha
Qazlal
Wu Jian
Zin


Innate Abilities, Weirdness & Mutations

You are small and have problems with some larger weapons.
You are carnivorous and can eat meat at any time.


Message History

There is a stone staircase leading up here.
e - a murky grey potion
There are no items here.
There is a stone staircase leading up here.
An ooze comes into view.
A gnoll comes into view. It is wielding a flail.
The helpless ooze fails to defend itself.
You impale the ooze!!
You kill the ooze!
The gnoll shouts!
The gnoll misses you.
The gnoll throws a throwing net.
The throwing net hits you.
You become entangled in the net!
You see here a throwing net.
You struggle against the net.
The gnoll barely misses you.
You struggle against the net.
The gnoll hits you with a flail.
The gnoll hits you from afar with a halberd.
You struggle against the net.
The gnoll hits you with a flail.
The gnoll hits you from afar with a halberd!
You die...

#.###.###.# #.#####.# #
#......<..# #.......# #
#####.#######...###### #
##.........#..... ##
##..#...###........ ##.
##.......###.........####..
#..........+.........'.....
.........###gg.......####..
........#.@g........## ##.
.......#.#####.......# ##
#.....#### #.♣PP..# #
##...# P♣.≈P.# ## ##.#
♣≈≈P♣ #. #. #.# ## #
##.####### # ##........#
#.....###.#


You could see 3 gnolls.

Vanquished Creatures
  2 gnolls
  2 adders (D:2)
  An ooze (D:2)
  A worm (D:2)
  A dart slug (D:1)
  A leopard gecko (D:2)
  A giant cockroach (D:1)
  4 goblins
  A hobgoblin (D:1)
  5 kobolds
  A quokka (D:2)
  3 bats (D:1)
  2 frilled lizards (D:1)
  A rat (D:1)
26 creatures vanquished.

Notes
Turn   | Place    | Note
-------+----------+-------------------------------------------
     0 | D:1      | Ihlosi the Kobold Enchanter began the quest for the Orb.
     0 | D:1      | Reached XP level 1. HP: 10/10 MP: 3/3
   111 | D:1      | Reached XP level 2. HP: 3/15 MP: 1/5
   176 | D:1      | You fall through a shaft!
   294 | D:2      | Learned a level 2 spell: Ensorcelled Hibernation
   482 | D:2      | Reached XP level 3. HP: 19/19 MP: 6/6
   498 | D:2      | Found an ancient bone altar of Kikubaaqudgha.
   906 | D:2      | Found a stormy altar of Qazlal.
   913 | D:2      | Found an ornate altar of the Wu Jian Council.
   986 | D:2      | Found a glowing silver altar of Zin.
  1285 | D:1      | Reached XP level 4. HP: 24/24 MP: 7/7
  1888 | D:2      | Slain by a gnoll

Skill      XL: |  1  2  3 |
---------------+----------+-----
Short Blades   | 2 |  2.3
Fighting       | |  0.6
Armour         | |  0.5
Dodging        | |  2.7
Stealth        | |  4.8
Spellcasting   | |  2.6
Hexes          | |  3.5

Action                   |  1- 3 |  4- 6 || total
-------------------------+-------+-------++-------
Melee: Dagger            |    61 |    28 ||    89
 Cast: Corona            |     6 |       ||     6
       Ensorcelled Hiber |     7 |     1 ||     8
  Use: Potion            |     2 |       ||     2
       Scroll            |       |     6 ||     6
 Stab: Sleeping          |     8 |     5 ||    13
  Eat: Chunk             |     8 |     2 ||    10
Armor: Robe              |     6 |     1 ||     7
       Skin              |    15 |       ||    15
Dodge: Dodged            |    30 |    17 ||    47
